 Dungeon Crawl Stone Soup version 0.31-a0-1547-g618ab1f346 (webtiles) character file.

Game seed: 231855895359008037

79 senseless the Trooper (level 4, -2/48 HPs)
             Began as an Oni Warper on Jan 2, 2024.
             Slain by a kobold
             ... wielding a +0 hand axe
              (6 damage)
             ... on level 2 of the Dungeon.
             The game lasted 00:01:57 (857 turns).

senseless the Trooper (Oni Warper)                   Turns: 857, Time: 00:01:58

Health: -2/48      AC:  3    Str: 14 (17) XL:     4   Next: 37%
Magic:  8/8        EV:  9    Int: 17 (20) God:
Gold:   134        SH:  0    Dex:  5 (8)  Spells: 8/8 levels left

rFire   . . .        a - +0 mace
rCold   . . .        (no shield)
rNeg    . . .        b - +0 robe
rPois   .            (helmet restricted)
rElec   .            (no cloak)
rCorr   .            (gloves unavailable)
SInv    .            (boots unavailable)
Will    .....        (no amulet)
Stlth   +            f - +6 ring of intelligence
HPRegen 0.28/turn    (no ring)
MPRegen 0.11/turn

%: no passive effects
@: lethally poisoned (-2 -> -4)
A: large, unfitting armour, horns 1, tough skin 1, double potion healing,
drunken brawling
a: no special abilities


You were on level 2 of the Dungeon.
You visited 1 branch of the dungeon, and saw 2 of its levels.

You collected 134 gold pieces.

Inventory:

Hand Weapons
 a - a +0 mace (weapon)
Missiles
 d - 7 darts of dispersal (quivered)
 k - 4 poisoned darts
Armour
 b - a +0 robe (worn)
Jewellery
 f - a +6 ring of intelligence (left hand)
Scrolls
 c - a scroll of blinking
 i - a scroll of revelation {unknown}
 j - 2 scrolls of teleportation {unknown}
 m - a scroll of poison {unknown}
Potions
 g - a potion of might {unknown}
 h - a potion of curing {unknown}
 l - a potion of cancellation {unknown}


   Skills:
 * Level 3.8 Fighting
 * Level 2.9 Maces & Flails
 - Level 1.0 Throwing
 * Level 2.8 Dodging
 + Level 2.7 Spellcasting
 + Level 2.9 Translocations


You had 8 spell levels left.
You didn't know any spells.
Your spell library contained the following spells:

 Spells                   Type           Power      Damage    Failure   Level
 Blink                    Tloc           24%        N/A       9%          2
 Lesser Beckoning         Tloc           24%        N/A       9%          2
 Teleport Other           Tloc           12%        N/A       16%         3
 Dazzling Flash           Conj/Hex       4%         N/A       47%         3
 Mephitic Cloud           Conj/Alch/Air  2%         N/A       47%         3
 Manifold Assault         Tloc           12%        N/A       47%         4
 Vhi's Electric Charge    Tloc/Air       14%        N/A       67%         4
 Curse of Agony           Necr           2%         N/A       99%         5
 Silence                  Hex/Air        1%         N/A       99%         5


Dungeon Overview and Level Annotations

Branches:
Dungeon (2/15)

Altars:


Innate Abilities, Weirdness & Mutations

You are too large for most types of armour.
You have a pair of small horns on your head.
You have tough skin. (AC +1)
You gain doubled healing and magic from potions.
Whenever you drink a healing potion, you attack all around you.


Message History

You are too injured to fight recklessly!
You are too injured to fight recklessly!
You are too injured to fight recklessly!
You are too injured to fight recklessly!
Unknown command.
You feel sick. The bat hits you but does no damage. The bat barely misses you.
You feel sick. The bat attacks as it pursues you! The bat hits you.
The bat misses you. The bat closely misses you.
You closely miss the bat.
You feel sick.
You are no longer poisoned.
The bat barely misses you.
You hit the bat.
The bat is moderately wounded.
The bat hits you but does no damage. x2
You sock the bat!
You kill the bat!
The bat hits you but does no damage.
You hit the adder but do no damage. Your headbutt misses the adder.
The adder bites you but does no damage.
You hit the adder.
The adder is moderately wounded.
The adder bites you. x2
You hit the adder.
The adder is severely wounded.
The adder bites you.
You are poisoned.
The adder poisons you! The adder bites you.
You sock the adder!
You kill the adder!
You feel sick. The bat hits you but does no damage.
You miss the kobold. Your headbutt misses the kobold.
You feel sick. The kobold hits you with a +0 hand axe.
* * * LOW HITPOINT WARNING * * *
The kobold hits you with a +0 hand axe.
* * * LOW HITPOINT WARNING * * *
It was a potion of degeneration.
There was something very wrong with that liquid.
You feel weakened.
You feel dopey.
You feel clumsy.
You feel sick. The kobold hits you with a +0 hand axe.
You die...

..##### #. #..#. .......
#.###..#. .#.#.#.
#......#. ...$...
#.>###.#. .#.#.#. ##.#
#... .......## #.# ###.
.#.#.#..# #.# ##
........##### #.# .
#.####.bK@..#######.######
######...............
#.#######.###.## #.# #.#
#†# ... #.# #.# ##### #.#
#.## #.# #... #.######
#.......


You could see a bat and a kobold.

Vanquished Creatures
  2 gnolls (D:1)
  2 adders (D:2)
  6 ball pythons (D:1)
  A bat (D:2)
  6 endoplasms (D:1)
  A giant cockroach (D:1)
  4 goblins (D:1)
  3 hobgoblins (D:1)
  4 quokkas
  2 frilled lizards
  5 kobolds
  5 rats
41 creatures vanquished.

Notes
Turn   | Place    | Note
-------+----------+-------------------------------------------
     0 | D:1      | senseless the Oni Warper began the quest for the Orb.
     0 | D:1      | Reached XP level 1. HP: 22/22 MP: 3/3
    82 | D:1      | Reached XP level 2. HP: 14/29 MP: 3/5
    84 | D:1      | Reached skill level 3 in Fighting
   246 | D:1      | Reached XP level 3. HP: 35/37 MP: 6/6
   658 | D:2      | Reached XP level 4. HP: 31/46 MP: 8/8
   857 | D:2      | Slain by a kobold

Illustrated notes

Levels and vault maps discovered:
D:1:      ldierk_walled_garden, layout_rooms
D:2:      layout_basic, serial_glass, glass_columns_b, glass_columns_a,
          glass_columns_b, glass_columns_b, glass_columns_a, glass_columns_c,
          glass_columns_a, glass_columns_b, glass_columns_c, glass_columns_c,
          glass_columns_b, glass_columns_a, glass_columns_a, glass_columns_a,
          minmay_misc_feat_five

Skill      XL: |  1  2 |
---------------+-------+-----
Fighting       | 3 |  3.8
Maces & Flails | |  2.9
Throwing       | |  1.0
Dodging        | |  2.8
Spellcasting   | |  2.7
Translocations | |  2.9

Action                     |  1- 3 |  4- 6 || total
---------------------------+-------+-------++-------
  Melee: Mace              |    86 |    21 ||   107
         Headbutt          |     5 |       ||     5
         Punch             |     1 |       ||     1
    Use: Potion            |       |     1 ||     1
 Armour: Robe              |    57 |    35 ||    92
  Dodge: Dodged            |    45 |    28 ||    73

Table legend: (Time is in decaauts)
 A = Elapsed time spent in this place.
 B = Non-inter-level travel time spent in this place.
 C = Inter-level travel time spent in this place.
 D = Time resting spent in this place.
 E = Time spent auto-exploring this place.
 F = Levels seen in this place.
 G = Mean time per level.
                   A        B        C        D        E       F      G
               +--------+--------+--------+--------+--------+-----+--------+
         Total |    885 |    877 |      8 |      0 |    646 |   2 |  442.5 |
       Dungeon |    885 |    877 |      8 |      0 |    646 |   2 |  442.5 |
               +--------+--------+--------+--------+--------+-----+--------+

Top non-repeatable levels by time:
     D:1: 648 daAuts
     D:2: 236 daAuts
